 Dungeon Crawl Stone Soup version 0.29.1-15-g9cfb28693d (webtiles) character file.

Game seed: 9221171622194076751

2051 EarthwalkerPL the Protected (level 9, -15/82 HPs)
             Began as a Minotaur Fighter on Apr 20, 2023.
             Demolished by Pikel
             ... wielding a +0 whip of electrocution
              (19 damage)
             ... on level 6 of the Dungeon.
             The game lasted 00:09:52 (7148 turns).

EarthwalkerPL the Protected (Minotaur Fighter)      Turns: 7148, Time: 00:09:53

Health: -15/82     AC: 13    Str: 25    XL:     9   Next: 4%
Magic:  8/8        EV: 12    Int:  5    God:
Gold:   267        SH: 11    Dex: 10    Spells: 8/8 levels left

rFire   . . .      SeeInvis .   a - +0 war axe
rCold   . . .      Faith    .   w - +2 kite shield
rNeg    . . .      Spirit   .   b - +0 scale mail
rPois   .          Reflect  .   (helmet restricted)
rElec   .          Harm     .   E - +0 cloak
rCorr   +          Rampage  .   (no gloves)
Will    .....                   B - +2 pair of boots
Stlth   ..........              (no amulet)
HPRegen 0.23/turn               l - +4 ring of evasion
MPRegen 0.11/turn               F - ring of resist corrosion

@: no status effects
A: horns 2, retaliatory headbutt
a: no special abilities


You were on level 6 of the Dungeon.
You visited 2 branches of the dungeon, and saw 8 of its levels.
You also visited: Sewer.

You collected 267 gold pieces.

Inventory:

Hand Weapons
 a - a +0 war axe (weapon)
Missiles
 x - 5 poisoned darts (quivered)
 y - a boomerang
 D - 5 javelins
Armour
 b - a +0 scale mail (worn)
 w - a +2 kite shield (worn)
 B - a +2 pair of boots (worn)
 E - a +0 cloak (worn)
Jewellery
 l - a +4 ring of evasion (left hand)
 F - a ring of resist corrosion (right hand)
Scrolls
 e - 3 scrolls of vulnerability {unknown}
 f - 3 scrolls of blinking {unknown}
 h - 6 scrolls of identify {unknown}
 j - 3 scrolls of magic mapping {unknown}
 m - a scroll of amnesia {unknown}
 n - 5 scrolls of fog {unknown}
 o - 4 scrolls of teleportation {unknown}
 t - 2 scrolls of immolation {unknown}
 v - 2 scrolls of silence {unknown}
 A - a scroll of enchant weapon {unknown}
 C - a scroll of acquirement {unknown}
Potions
 c - a potion of mutation {unknown}
 d - 2 potions of might
 g - 5 potions of curing
 i - 2 potions of brilliance {unknown}
 k - 2 potions of attraction {unknown}
 p - a potion of heal wounds {unknown}
 q - a potion of magic {unknown}
 r - a potion of cancellation {unknown}
 s - 2 potions of degeneration {unknown}
 u - a potion of flight {unknown}
 z - a potion of invisibility {unknown}


   Skills:
 * Level 8.4 Fighting
 * Level 7.8 Axes
 * Level 8.6 Armour
 + Level 6.4 Shields


You had 8 spell levels left.
You didn't know any spells.
Your spell library contained the following spells:

 Spells                   Type           Power      Damage    Failure   Level
 Apportation              Tloc           0%         N/A       96%         1
 Necrotise                Necr           0%         1d4       96%         1
 Sandblast                Erth           0%         2d4       96%         1
 Summon Small Mammal      Summ           0%         N/A       96%         1
 Passwall                 Tmut/Erth      0%         N/A       99%         2
 Conjure Flame            Conj/Fire      0%         6-21      100%        3
 Ignite Poison            Fire/Tmut/Pois 0%         N/A       100%        3
 Stone Arrow              Conj/Erth      0%         3d7       100%        3
 Summon Guardian Golem    Hex/Summ       0%         N/A       100%        3
 Sticky Flame             Conj/Fire      0%         2d3       100%        4
 Conjure Ball Lightning   Conj/Air       0%         3x3d6     100%        6
 Orb of Destruction       Conj           0%         9d5       100%        7
 Spellforged Servitor     Conj/Summ      0%         N/A       100%        7
 Discord                  Hex            0%         N/A       100%        8
 Disjunction              Tloc           0%         N/A       100%        8


Dungeon Overview and Level Annotations

Branches:
Dungeon (7/15)             Temple (1/1) D:6           Sewer (visited)

Altars:
Ashenzari
Cheibriados
Dithmenos
Gozag
Kikubaaqudgha
Qazlal
Ru
Sif Muna
Uskayaw
Vehumet
Wu Jian
The Shining One

Shops:
D:4 *

Annotations:
D:6 Pikel


Innate Abilities, Weirdness & Mutations

You have a pair of horns on your head.
You reflexively headbutt those who attack you in melee.


Message History

You barely miss Pikel.
Pikel is heavily wounded.
The orc shouts!
You block Pikel's attack.
An orc comes into view. It is wielding a +0 trident.
Pikel hits you with a +0 whip of electrocution!
You are electrocuted!
An orc wizard comes into view. It is wielding a +0 dagger.
Unknown command.
The orc wizard shouts!
The orc wizard casts a spell.
The orc wizard flickers and vanishes!
Deactivating autopickup; reactivate with Ctrl-A.
You block Pikel's attack.
You climb upwards.
Reactivating autopickup.
There is a stone staircase leading down, spattered with blood here.
You closely miss Pikel.
Pikel is heavily wounded.
Pikel hits you but does no damage.
You hit Pikel. You headbutt Pikel!
Pikel is severely wounded.
You block Pikel's attack.
You hit Pikel but do no damage. Your headbutt misses Pikel.
Pikel is severely wounded.
Pikel zaps a wand.
You suddenly lose the ability to move!
The now-empty wand crumbles to dust.
Pikel hits you with a +0 whip of electrocution!
You are electrocuted!
* * * LOW HITPOINT WARNING * * *
Pikel hits you with a +0 whip of electrocution.
* * * LOW HITPOINT WARNING * * *
You can move again.
You hit Pikel but do no damage. Your headbutt misses Pikel.
Pikel is severely wounded.
You block Pikel's attack.
Pikel hits you with a +0 whip of electrocution.
* * * LOW HITPOINT WARNING * * *
You are electrocuted!!
You die...

##### ....#
....##############
....'..........K@#
....############.#
....############'###
...................#
##'####....###.....#
#[# #.............# #.#
#......###....#
##.###.............####
............###.......#


You could see Pikel.

Vanquished Creatures
  A steam dragon (D:7)
  2 water moccasins
  A black bear (D:6)
  2 ogres
  An ice beast (D:5)
  2 centaurs (D:5)
  A lemure (D:6)
  A bullfrog (D:6)
  4 scorpions
  A howler monkey (D:5)
  2 hounds
  A jelly (D:4)
  3 orc priests
  Jessica (D:2)
  3 iguanas
  Natasha (thrice) (D:2)
  8 orc wizards
  4 gnolls (D:3)
  14 adders
  2 river rats (Sewer)
  A shadow imp (D:6)
  An ufetubus (D:5)
  2 worms (D:3)
  A dart slug (D:1)
  20 orcs
  2 bats
  6 endoplasms
  4 giant cockroaches
  4 goblins
  8 hobgoblins
  6 jackals
  6 kobolds
  6 quokkas
  4 ball pythons
  6 frilled lizards
  12 rats
146 creatures vanquished.

Vanquished Creatures (others)
  12 plants (Sewer)
12 creatures vanquished.

Grand Total: 158 creatures vanquished

Notes
Turn   | Place    | Note
-------+----------+-------------------------------------------
     0 | D:1      | EarthwalkerPL the Minotaur Fighter began the quest for the
                  | Orb.
     0 | D:1      | Reached XP level 1. HP: 19/19 MP: 0/0
   228 | D:1      | Reached XP level 2. HP: 27/27 MP: 1/1
   734 | D:2      | Reached XP level 3. HP: 33/33 MP: 2/2
   737 | D:2      | Noticed Natasha
   748 | D:2      | Killed Natasha
   750 | D:2      | Noticed Jessica
   943 | D:2      | Noticed Natasha
   951 | D:2      | Killed Natasha
   952 | D:2      | Reached XP level 4. HP: 23/41 MP: 3/3
  1099 | D:2      | Killed Jessica
  1136 | D:2      | Noticed Natasha
  1155 | D:2      | Killed Natasha
  1269 | D:2      | Reached XP level 5. HP: 43/47 MP: 4/4
  1551 | D:2      | Found a faded altar of an unknown god.
  1722 | D:2      | Reached skill level 5 in Armour
  1941 | D:3      | Reached skill level 5 in Fighting
  2074 | D:3      | Found a glowing drain.
  2078 | Sewer    | Entered a sewer
  2225 | Sewer    | Reached XP level 6. HP: 56/56 MP: 5/5
  3945 | D:4      | Reached skill level 5 in Axes
  4288 | D:4      | Reached XP level 7. HP: 46/62 MP: 6/6
  4397 | D:4      | Reached skill level 5 in Shields
  4502 | D:4      | Found Kevomanku's Serpentskin Sales.
  4812 | D:5      | Entered Level 5 of the Dungeon
  5424 | D:5      | Reached XP level 8. HP: 69/71 MP: 7/7
  6025 | D:6      | Found a staircase to the Ecumenical Temple.
  6035 | Temple   | Entered the Ecumenical Temple
  6366 | D:6      | Found a shimmering blue altar of Sif Muna.
  6399 | D:6      | Found an ancient bone altar of Kikubaaqudgha.
  6544 | D:6      | Got Kikubaaqudgha's Treatise on Profane Rituals
  6550 | D:6      | Found a radiant altar of Vehumet.
  6712 | D:6      | Found an ornate altar of the Wu Jian Council.
  7013 | D:7      | Reached XP level 9. HP: 60/82 MP: 8/8
  7013 | D:7      | Noticed Pikel
  7136 | D:7      | Paralysed by Pikel for 2 turns
  7145 | D:6      | Paralysed by Pikel for 3 turns
  7148 | D:6      | HP: 4/82 [Pikel/+0 whip of electrocution (6)]
  7148 | D:6      | Demolished by Pikel

Illustrated notes

Levels and vault maps discovered:
D:1:      minmay_arrival_four_houses, layout_basic, feat_on_display
D:2:      layout_loops_ring, shapermc_ecumenical_altar_totnotflames,
          uniq_jessica, uniq_natasha
D:3:      layout_loops_cross, gup_sewer_entry_spiral, minmay_fountain_box,
          kennysheep_small_spiral
D:4:      layout_loops_ring, guppyfry_shop_venom
D:5:      layout_basic, kennysheep_dice
D:6:      layout_basic, palyth_temple_overflow_mages,
          nicolae_wu_jian_wuxing_cycle, minmay_temple_entry_mini_moons,
          minmay_misc_feat_rows
D:7:      minmay_the_grid_triangle_9x9_recursive_2
          [minmay_the_grid_triangle_9x9_prize_top_heavy,
          minmay_the_grid_triangle_9x9_intruding_spiral,
          minmay_the_grid_triangle_9x9_alien,
          minmay_the_grid_triangle_9x9_shrine], layout_rooms, uniq_pikel
Temple:   hellmonk_temple_forest_ring

Skill      XL: |  1  2  3  4  5  6  7  8 |
---------------+-------------------------+-----
Armour         | 4 5 6 7 8 |  8.6
Fighting       | 4 5 6 8 |  8.4
Axes           | 3 4 5 6 7 |  7.8
Shields        | 4 5 6 |  6.4

Action                   |  1- 3 |  4- 6 |  7- 9 || total
-------------------------+-------+-------+-------++-------
Melee: War axe           |    59 |   182 |   184 ||   425
       Headbutt          |     4 |    24 |    23 ||    51
Throw: Dart              |       |     3 |       ||     3
Armor: Scale mail        |    30 |    52 |    83 ||   165
Dodge: Dodged            |    21 |    99 |    97 ||   217
Block: Buckler           |    15 |    31 |       ||    46
       Kite shield       |       |    19 |   117 ||   136
